 Dungeon Crawl Stone Soup version 0.31-a0-876-gfe8ebadbca (webtiles) character file.

Game seed: 2682511978801625260

2538 BinkBink the Cleaver (level 9, -9/79 (84) HPs)
             Began as a Minotaur Fighter on Oct 13, 2023.
             Was an Elder of Dithmenos.
             Mangled by an orc warrior
             ... wielding a +0 trident
              (14 damage)
             ... on level 7 of the Dungeon.
             The game lasted 00:09:22 (7446 turns).

BinkBink the Cleaver (Minotaur Fighter)             Turns: 7446, Time: 00:09:26

HP:   -9/79 (84)    AC: 11    Str: 24    XL:     9   Next: 30%
MP:   8/8           EV:  9    Int:  5    God:    Dithmenos [****..]
Gold: 284           SH:  5    Dex: 13    Spells: 8/8 levels left

rFire   + . .        a - +0 war axe
rCold   . . .        c - +0 buckler
rNeg    . . .        D - +0 scale mail of Leemefar {Rampage rF+ rCorr Dex+2}
rPois   .            (helmet restricted)
rElec   .            (no cloak)
rCorr   +            n - +2 pair of gloves
SInv    .            k - +0 pair of boots
Will    .....        (no amulet) Stlth
                     (no ring)
HPRegen 0.33/turn    (no ring)
MPRegen 0.11/turn

%: rampage
@: about to teleport, wreathed by umbra, drained
A: horns 2, retaliatory headbutt
a: Renounce Religion, Shadow Step


You were on level 7 of the Dungeon.
You worshipped Dithmenos.
Dithmenos was greatly pleased with you.
You visited 1 branch of the dungeon, and saw 7 of its levels.
You also visited: Sewer.

You collected 284 gold pieces.

Inventory:

Hand Weapons
 a - a +0 war axe (weapon)
 h - a +3 executioner's axe of venom
 q - a +1 dire flail of holy wrath
Missiles
 y - a throwing net
Armour
 b - a +0 scale mail
 c - a +0 buckler (worn)
 k - a +0 pair of boots (worn)
 n - a +2 pair of gloves (worn)
 D - the +0 scale mail of Leemefar (worn) {Rampage rF+ rCorr Dex+2}
   (You found it on level 5 of the Dungeon)

   Dex+2:     It affects your dexterity (+2).
   rF+:       It protects you from fire.
   rCorr:     It protects you from acid and corrosion.
   Rampage:   It bestows one free step when moving towards enemies.
Jewellery
 r - a ring of fire
 E - a ring of fire
 G - an amulet of regeneration
Wands
 z - a wand of mindburst (9)
 A - a wand of paralysis (10)
Scrolls
 e - 3 scrolls of noise {unknown}
 f - 2 scrolls of enchant armour
 g - a scroll of vulnerability {unknown}
 j - 3 scrolls of fog
 l - a scroll of poison {unknown}
 m - a scroll of fear {unknown}
 p - a scroll of torment {unknown}
 t - a scroll of enchant weapon {unknown}
 u - 4 scrolls of teleportation
 C - 4 scrolls of identify
Potions
 d - 3 potions of might
 i - 3 potions of curing
 o - a potion of berserk rage {unknown}
 s - 2 potions of haste {unknown}
 v - a potion of invisibility {unknown}
 w - 4 potions of brilliance {unknown}
 x - a potion of mutation {unknown}
 B - a potion of magic {unknown}
 F - a potion of heal wounds {unknown}


   Skills:
 + Level 9.5 Fighting
 * Level 11.4(11.8) Axes
 - Level 4.9(8.8) Maces & Flails
 - Level 3.6 Armour
 - Level 3.6 Shields


You had 8 spell levels left.
You didn't know any spells.
Your spell library contained the following spells:

 Spells                   Type           Power      Damage    Failure   Level
 Sublimation of Blood     Necr           0%         N/A       93%         2
 Dazzling Flash           Conj/Hex       0%         N/A       99%         3
 Ignite Poison            Fire/Tmut/Pois 0%         N/A       99%         3
 Animate Dead             Necr           0%         N/A       100%        4
 Petrify                  Tmut/Erth      0%         N/A       100%        4
 Sticky Flame             Conj/Fire      0%         2d3       100%        4
 Agony                    Necr           0%         N/A       100%        5
 Borgnjor's Vile Clutch   Necr/Erth      0%         N/A       100%        5
 Irradiate                Conj/Tmut      0%         3d11      100%        5
 Silence                  Hex/Air        0%         N/A       100%        5
 Death Channel            Necr           0%         N/A       100%        6
 Ignition                 Fire           0%         3d3       100%        8


Dungeon Overview and Level Annotations

Branches:
Dungeon (7/15)             Temple (0/1) D:6           Sewer (visited)

Altars:
Cheibriados
Dithmenos
Ru
Vehumet

Annotations:
D:5 1 runed translucent door, Crazy Yiuf
D:7 Jeremiah


Innate Abilities, Weirdness & Mutations

You have a pair of horns on your head.
You reflexively headbutt those who attack you in melee.


Message History

The howler monkey hoots and howls with incredible vigour!
The orc warrior hits you from afar with a +0 trident!
You hit the orc warrior but do no damage.
The orc warrior is heavily wounded.
You hit the iguana. The iguana closely misses you.
The orc warrior hits you but does no damage.
The orc warrior hits you from afar with a +0 trident!
Unknown command.
As you read the scroll of teleportation, it crumbles to dust.
You feel strangely unstable. The iguana bites you.
* * * LOW HITPOINT WARNING * * *
The orc warrior hits you with a +0 long sword!
* * * LOW HITPOINT WARNING * * *
Jeremiah hits you but does no damage.
You feel drained.
The orc warrior hits you from afar with a +0 trident.
* * * LOW HITPOINT WARNING * * *
You hit the orc warrior.
The orc warrior is severely wounded.
You slash the iguana!
You kill the iguana!
Dithmenos accepts your kill.
You hit the butterfly.
You kill the butterfly!
The butterfly disappears in a burst of colours!
The orc warrior barely misses you. You furiously retaliate!
You headbutt the orc warrior.
Jeremiah hits you from afar with a +3 trident of draining.
* * * LOW HITPOINT WARNING * * *
You feel drained.
* * * LOW HITPOINT WARNING * * *
The orc warrior hits you but does no damage.
The hound closely misses you.
You feel better. The hound bites you.
* * * LOW HITPOINT WARNING * * *
Jeremiah hits you from afar with a +3 trident of draining.
* * * LOW HITPOINT WARNING * * *
You feel drained.
* * * LOW HITPOINT WARNING * * *
The orc warrior hits you from afar with a +0 trident!
You die...

##### ##...##
######.....#
...F.......#######
######.........Fb#
## ##...######b#
.### ##.## #@#
...# #......oho#
.#.# ..#..###.h#
##.# #....## ....
##.# #..# # .#.#.
#.# .#.. .# #.# #.
)# .# ##.# . ## .#
...#


You could see Jeremiah, 2 orc warriors, a howler monkey and a hound.

Vanquished Creatures
  Edmund (D:4)
  An acid dragon (D:7)
  A water moccasin (D:6)
  An orc warrior (D:7)
  2 black bears
  An ice beast (D:6)
  An ogre (D:6)
  2 centaurs (D:7)
  A phantom (D:5)
  4 bullfrogs
  3 scorpions
  5 wights (D:6)
  An orc priest (D:7)
  4 hounds
  4 jellies
  3 iguanas
  A sleepcap (D:7)
  Natasha (thrice) (D:3)
  Ijyb (D:4)
  3 orc wizards
  7 adders
  8 gnolls
  A river rat (Sewer)
  2 ufetubi
  A worm (D:5)
  2 dart slugs
  18 orcs
  7 endoplasms
  5 giant cockroaches
  5 goblins
  7 hobgoblins
  6 jackals
  4 kobolds
  A quokka (D:4)
  16 ball pythons
  3 bats
  3 frilled lizards
  29 rats
168 creatures vanquished.

Notes
Turn   | Place    | Note
-------+----------+-------------------------------------------
     0 | D:1      | BinkBink the Minotaur Fighter began the quest for the Orb.
     0 | D:1      | Reached XP level 1. HP: 19/19 MP: 0/0
   100 | D:1      | Reached skill level 3 in Axes
   120 | D:1      | Reached XP level 2. HP: 27/27 MP: 1/1
   241 | D:1      | Found a faded altar of an unknown god.
   310 | D:1      | Prayed at the altar of an unknown god.
   310 | D:1      | Became a worshipper of Dithmenos the Shadowed
   310 | D:1      | Reached * piety under Dithmenos
  1127 | D:2      | Reached XP level 3. HP: 26/33 MP: 2/2
  1358 | D:2      | Reached skill level 4 in Axes
  1703 | D:3      | Noticed Natasha
  1707 | D:3      | Killed Natasha
  1708 | D:3      | Reached XP level 4. HP: 41/41 MP: 3/3
  1724 | D:3      | Reached skill level 5 in Axes
  1815 | D:3      | Reached XP level 5. HP: 15/47 MP: 4/4
  2186 | D:3      | Noticed Natasha
  2193 | D:3      | Killed Natasha
  2193 | D:3      | Reached ** piety under Dithmenos
  2194 | D:3      | Reached skill level 5 in Fighting
  2296 | D:3      | Noticed Natasha
  2301 | D:3      | Killed Natasha
  2513 | D:4      | Reached skill level 6 in Axes
  2544 | D:4      | Reached XP level 6. HP: 53/56 MP: 5/5
  2656 | D:4      | Noticed Edmund
  2667 | D:4      | Killed Edmund
  2668 | D:4      | Reached skill level 7 in Axes
  2821 | D:4      | Reached skill level 1 in Maces & Flails
  2827 | D:4      | Noticed Ijyb
  2846 | D:4      | Killed Ijyb
  3003 | D:4      | Found a glowing drain.
  3007 | Sewer    | Entered a sewer
  3187 | Sewer    | Reached *** piety under Dithmenos
  3303 | Sewer    | Reached XP level 7. HP: 56/63 MP: 6/6
  3588 | D:4      | Found a radiant altar of Vehumet.
  4134 | D:4      | Identified a scroll of acquirement
  4134 | D:4      | Acquired a +3 executioner's axe of venom
  4161 | D:5      | Entered Level 5 of the Dungeon
  4288 | D:5      | Identified the +0 scale mail of Leemefar {Rampage rF+ rCorr
                  | Dex+2}
  4604 | D:5      | Found a snail-covered altar of Cheibriados.
  4764 | D:5      | Reached **** piety under Dithmenos
  4850 | D:5      | Found a runed translucent door.
  4851 | D:5      | Noticed Crazy Yiuf
  5081 | D:5      | Reached skill level 8 in Axes
  5081 | D:5      | Reached XP level 8. HP: 41/73 MP: 7/7
  5831 | D:6      | Reached skill level 9 in Axes
  6011 | D:6      | Found a staircase to the Ecumenical Temple.
  6244 | D:6      | Reached skill level 10 in Axes
  6639 | D:7      | Reached XP level 9. HP: 42/83 MP: 8/8
  6948 | D:7      | Reached skill level 11 in Axes
  6985 | D:7      | Found a sacrificial altar of Ru.
  6996 | D:7      | Noticed Jeremiah
  7446 | D:7      | Mangled by an orc warrior

Illustrated notes

Levels and vault maps discovered:
D:1:      dpeg_arrival_rooms_with_view, layout_basic,
          chequers_ecumenical_altar_simple_redux, minmay_misc_feat_secret_circle
D:2:      layout_loops_ring
D:3:      layout_basic, kennysheep_cross_room, uniq_natasha
D:4:      layout_basic, lemuel_crystal_altar, gup_sewer_entry_bowl,
          grunt_tough_drop, uniq_edmund, uniq_ijyb
D:5:      layout_layer_cave, mainiacjoe_overflow_alcove_2,
          corexii_item_surrounded_by_moat, uniq_crazy_yiuf_cottage
D:6:      layout_basic, minmay_temple_entry_drinking_statues
D:7:      layout_loops_ring, lemuel_crystal_altar,
          nicolae_ru_sacrificial_ziggurat, nicolae_shop_i_like_small_books_too,
          minmay_bent, uniq_jeremiah

Skill      XL: |  1  2  3  4  5  6  7  8  9 |
---------------+----------------------------+-----
Axes           | 3 4 5 6 7 8 10 11 | 11.4
Fighting       | 4 5 6 7 9 |  9.5
Maces & Flails | 2 4 |  4.9
Armour         | |  3.6
Shields        | |  3.6

Action                     |  1- 3 |  4- 6 |  7- 9 || total
---------------------------+-------+-------+-------++-------
  Melee: War axe           |    61 |   161 |   198 ||   420
         Headbutt          |     2 |    21 |    37 ||    60
    Use: Scroll            |       |       |     7 ||     7
         Potion            |       |       |     1 ||     1
 Armour: Scale mail        |    36 |   125 |   193 ||   354
  Dodge: Dodged            |    30 |    91 |    90 ||   211
  Block: Buckler           |    14 |    47 |    46 ||   107

Table legend: (Time is in decaauts)
 A = Elapsed time spent in this place.
 B = Non-inter-level travel time spent in this place.
 C = Inter-level travel time spent in this place.
 D = Time resting spent in this place.
 E = Time spent auto-exploring this place.
 F = Levels seen in this place.
 G = Mean time per level.
                   A        B        C        D        E       F      G
               +--------+--------+--------+--------+--------+-----+--------+
         Total |   7551 |   7249 |    302 |    477 |   5714 |   8 |  943.9 |
       Dungeon |   7056 |   6754 |    302 |    372 |   5489 |   7 | 1008.0 |
         Sewer |    495 |    495 |      0 |    105 |    224 |   1 |  495.0 |
               +--------+--------+--------+--------+--------+-----+--------+

Top non-repeatable levels by time:
     D:5: 1572 daAuts
     D:4: 1292 daAuts
     D:6: 1191 daAuts
     D:1: 853 daAuts
     D:3: 838 daAuts
     D:2: 780 daAuts
     D:7: 528 daAuts
   Sewer: 495 daAuts
